 Dungeon Crawl Stone Soup version 0.31-a0-743-g45f7035092 (webtiles) character file.

Game seed: 8803900553075811666

7 cforsyth the Trooper (level 2, -1/25 HPs)
             Began as a Djinni Chaos Knight on Sept 12, 2023.
             Was a Plaything of Xom.
             Slain by a kobold
             ... wielding a +1 dagger of electrocution
              (2 damage)
             ... on level 1 of the Dungeon.
             The game lasted 00:00:13 (124 turns).

cforsyth the Trooper (Djinni Chaos Knight)           Turns: 124, Time: 00:00:14

Health: -1/25      AC:  5    Str: 11    XL:     2   Next: 5%
Gold:   17         EV: 11    Int: 13    God:    Xom [....*.] SH:  0 Dex: 12

rFire   + + .        a - +0 falchion (chaos)
rCold   x . .        (no shield)
rNeg    . . .        b - +2 leather armour
rPois   ∞            (no helmet)
rElec   .            (no cloak)
rCorr   .            (no gloves)
SInv    .            (boots unavailable)
Will    .....        (no amulet)
Stlth   +            (no ring)
HPRegen 0.24/turn    (no ring)
MPRegen 0.00/turn

%: infuse magic (-2 HP)
@: flying
A: sickness immunity, fire resistance 2, cold vulnerability 1, float, innate
caster, HP casting, extra vitality 1
a: Renounce Religion


You were on level 1 of the Dungeon.
You worshipped Xom.
You were a beloved toy of Xom.
You visited 1 branch of the dungeon, and saw 1 of its levels.

You collected 17 gold pieces.

Inventory:

Hand Weapons
 a - a +0 falchion of chaos (weapon)
Armour
 b - a +2 leather armour (worn)
Scrolls
 c - a scroll of butterflies
 d - a scroll of immolation {unknown}


   Skills:
 + Level 3.2 Fighting
 - Level 2.6 Long Blades
 - Level 1.0 Armour
 - Level 2.1 Dodging
 + Level 0.5 Spellcasting
 + Level 0.5 Conjurations
 + Level 0.5 Hexes
   Level 0.0 Charms
 + Level 0.5 Summonings
 + Level 0.5 Necromancy
 + Level 0.5 Translocations
 + Level 0.5 Transmutations
 + Level 0.5 Fire Magic
 + Level 0.5 Ice Magic
 + Level 0.5 Air Magic
 + Level 0.5 Earth Magic
 + Level 0.5 Poison Magic You didn't know any spells. Your spell library was empty.

Dungeon Overview and Level Annotations

Branches:
Dungeon (1/15)

Altars:


Innate Abilities, Weirdness & Mutations

You are immune to sickness and miasma.
You are immune to poison.
Your flesh is very heat resistant. (rF++)
You are vulnerable to cold. (rC-)
You float through the air rather than walking.
You learn spells naturally, not from books.
Your magical power is your life essence.
You have superior vitality. (+4 MHP)


Message History

A hobgoblin comes into view.
You barely miss the kobold. The kobold hits you but does no damage.
You barely miss the kobold. The kobold barely misses you.
You hit the hobgoblin.
The hobgoblin seems to speed up.
The hobgoblin is moderately wounded.
The hobgoblin barely misses you. The kobold closely misses you.
The hobgoblin closely misses you.
You slash the hobgoblin! You freeze the hobgoblin.
You kill the hobgoblin!
The kobold barely misses you.
You have reached level 2!
You closely miss the kobold. The kobold hits you but does no damage.
You are electrocuted!
Ouch! That really hurt!
The kobold hits you but does no damage.
You are too injured to fight recklessly!
You are too injured to fight recklessly!
You are too injured to fight recklessly!
You are too injured to fight recklessly!
You are too injured to fight recklessly!
You are too injured to fight recklessly!
You closely miss the kobold. The kobold hits you but does no damage.
You hit the kobold but do no damage.
The kobold hits you with a +1 dagger of electrocution.
You hit the kobold.
You feel better.
The kobold is severely wounded.
The kobold hits you but does no damage.
You barely miss the kobold.
The kobold is severely wounded.
The kobold misses you.
You closely miss the kobold.
The kobold is severely wounded.
The kobold hits you with a +1 dagger of electrocution.
You are electrocuted!
* * * LOW HITPOINT WARNING * * *
You miss the kobold.
The kobold is severely wounded.
The kobold hits you but does no damage.
The kobold hits you with a +1 dagger of electrocution.
You die...

..###### .. ###....... #
#. .#####.........
.#.##.......#.......
...###.[...........
#..... ##......###
###...# #..#.......
##.##.†...####.##.......
......K@.......##.......
............#####[......
..................).....
#.......................
#.......................
...........#####........
...........# ........
#..........# #.......
....... ###....


You could see a kobold.

Vanquished Creatures
  A dart slug (D:1)
  A giant cockroach (D:1)
  A hobgoblin (D:1)
  A bat (D:1)
  A rat (D:1)
5 creatures vanquished.

Notes
Turn   | Place    | Note
-------+----------+-------------------------------------------
     0 | D:1      | cforsyth the Djinni Chaos Knight began the quest for the
                  | Orb.
     0 | D:1      | Reached XP level 1. HP: 20/20 MP: 0/0
    28 | D:1      | XOM: silly message
   118 | D:1      | Reached XP level 2. HP: 25/25 MP: 0/0
   123 | D:1      | HP: 1/25 [kobold/+1 dagger of electrocution (11)]
   124 | D:1      | Slain by a kobold

Illustrated notes

Levels and vault maps discovered:
D:1:      ncdulo_halloftheorcs, layout_rooms, nicolae_twisty_statue_hallways

Action                     || total
---------------------------++-------
  Melee: Falchion          ||    19
 Armour: Leather armour    ||    14
  Dodge: Dodged            ||     9

Table legend: (Time is in decaauts)
 A = Elapsed time spent in this place.
 B = Non-inter-level travel time spent in this place.
 C = Inter-level travel time spent in this place.
 D = Time resting spent in this place.
 E = Time spent auto-exploring this place.
 F = Levels seen in this place.
 G = Mean time per level.
                   A        B        C        D        E       F      G
               +--------+--------+--------+--------+--------+-----+--------+
         Total |    126 |    126 |      0 |      0 |     86 |   1 |  126.0 |
       Dungeon |    126 |    126 |      0 |      0 |     86 |   1 |  126.0 |
               +--------+--------+--------+--------+--------+-----+--------+

Top non-repeatable levels by time:
     D:1: 126 daAuts
